 Dungeon Crawl Stone Soup version 0.28.0-62-gf88900778d (webtiles) character file.

Game seed: 2528061773114443232

127733 cbfl8 the Executioner (level 16, -3/228 HPs)
             Began as a Minotaur Berserker on June 27, 2023.
             Was a High Priest of Trog.
             Succumbed to a swamp dragon's poison gas
             ... on level 2 of the Swamp.
             The game lasted 00:43:35 (38507 turns).

cbfl8 the Executioner (Minotaur Berserker)         Turns: 38507, Time: 00:43:35

Health: -3/228     AC: 26    Str: 34    XL:     16   Next: 46%
Magic:  10/15      EV: 12    Int:  4    God:    Trog [*****.]
Gold:   2160       SH: 15    Dex: 16    Spells: 15/15 levels left

rFire   + . .      SeeInvis .   j - +3 broad axe (venom)
rCold   + . .      Faith    .   G - +3 buckler {AC+3}
rNeg    . . .      Spirit   .   q - +0 shadow dragon scales
rPois   .          Reflect  +   (helmet restricted)
rElec   .          Harm     .   K - scarf {rC+ rF+}
rCorr   .          Rampage  .   t - +2 pair of gloves {infuse}
Will    +....                   F - +1 pair of boots
Stlth   ..........              N - amulet of reflection
HPRegen 0.48/turn               g - +6 ring of strength
MPRegen 0.14/turn               L - +6 ring of strength

@: berserking (expiring), lethally poisoned (-3 -> -45), very quick
A: horns 2, retaliatory headbutt, beak, weak 1
a: Renounce Religion, Berserk, Trog's Hand, Brothers in Arms


You were on level 2 of the Swamp.
You worshipped Trog.
Trog was extremely pleased with you.
You visited 4 branches of the dungeon, and saw 25 of its levels.
You also visited: Bailey and Ice Cave.

You collected 3137 gold pieces.
You spent 977 gold pieces at shops.

Inventory:

Hand Weapons
 f - a +4 broad axe of flaming
 j - a +3 broad axe of venom (weapon)
 I - a +2 antimagic broad axe
Missiles
 M - 5 throwing nets
Armour
 q - +0 shadow dragon scales (worn)
 t - a +2 pair of gloves of infusion (worn)
 F - a +1 pair of boots (worn)
 G - a +3 buckler of protection (worn)
 H - the +4 skin of Zhor {*Englaciate rC+++ SInv}
   (You found it on level 8 of the Dungeon)

   It radiates cold, occasionally slowing all nearby creatures who are not
   resistant to cold.
   rC:        It renders you almost immune to cold.
   SInv:      It lets you see invisible.
 K - a scarf of resistance (worn)
Jewellery
 g - a +6 ring of strength (left hand)
 B - a ring of protection from fire
 L - a +6 ring of strength (right hand)
 N - an amulet of reflection (around neck)
Wands
 i - a wand of iceblast (7)
 u - a wand of polymorph (1)
 x - a wand of paralysis (12) (quivered)
 E - a wand of flame (9)
 J - a wand of charming (5)
Scrolls
 a - 2 scrolls of noise
 l - 10 scrolls of teleportation
 m - a scroll of fog
 n - a scroll of silence
 o - 3 scrolls of identify
 s - a scroll of enchant armour
 y - 4 scrolls of fear
 A - 4 scrolls of immolation
 C - a scroll of summoning
Potions
 b - 4 potions of lignification
 d - 8 potions of curing
 e - 2 potions of flight
 h - 3 potions of attraction
 k - a potion of resistance
 p - 2 potions of haste
 r - 2 potions of cancellation
 v - a potion of berserk rage
 w - 8 potions of mutation
 D - 7 potions of heal wounds
Miscellaneous
 c - a tin of tremorstones (2/2)
 z - a phial of floods


   Skills:
 + Level 16.3 Fighting
 + Level 21.1 Axes
 + Level 16.0 Armour
 + Level 6.4 Dodging
 + Level 3.8 Stealth
 + Level 11.3 Shields
 * Level 12.5 Evocations


You had 15 spell levels left.
You didn't know any spells.
Your spell library was empty.

Dungeon Overview and Level Annotations

Branches:
Dungeon (15/15)            Temple (0/1) D:5            Lair (6/6) D:8
  Swamp (2/4) Lair:3       Spider (0/4) Lair:2        Slime (0/5) Lair:6
    Orc (2/2) D:12            Elf (0/3) Orc:2        Vaults (0/5) D:14
 Depths (0/4) D:15         Bailey (visited)           IceCv (visited)

Altars:
Cheibriados
Hepliaklqana
Makhleb
Sif Muna
Beogh
Jiyva

Shops:
D:12 (   Orc:1 *=   Orc:2 ![([

Portals:
Hell: Lair:6

Annotations:
D:14 6 transporters


Innate Abilities, Weirdness & Mutations

You have a pair of horns on your head.
You reflexively headbutt those who attack you in melee.
You have a beak for a mouth.
You are weak. (Str -2)


Message History

* * * LOW HITPOINT WARNING * * *
You closely miss the swamp dragon.
The swamp dragon is severely wounded.
You are engulfed in poison gas.
You are more poisoned.
* * * LOW HITPOINT WARNING * * *
You feel extremely sick. You block the swamp dragon's attack. x3
You completely miss the swamp dragon. You headbutt the swamp dragon!
You peck the swamp dragon!
The swamp dragon is almost dead.
* * * LOW HITPOINT WARNING * * *
You feel extremely sick.
You barely miss the swamp dragon. You headbutt the swamp dragon.
You kill the swamp dragon!
Trog accepts your kill.
You hear a splash.
The swamp dragon scales are intact enough to wear.
* * * LOW HITPOINT WARNING * * *
You feel extremely sick. The grasping roots constrict you.
* * * LOW HITPOINT WARNING * * *
The roots' grasp on you weakens, but your attempt to escape fails.
* * * LOW HITPOINT WARNING * * *
You feel extremely sick.
You escape the roots' grasp.
You feel a strong urge to attack something.
* * * LOW HITPOINT WARNING * * *
You feel extremely sick.
Roots burst forth from the earth!
The grasping roots grab you! The grasping roots constrict you.
* * * LOW HITPOINT WARNING * * *
You are too berserk!
You are too berserk!
You are too berserk!
You are too berserk!
You are too berserk!
You escape the roots' grasp.
You die...

.)..♣.≈≈§.♣ ...≈≈≈≈
≈......≈.≈♣ .≈..≈≈≈
≈≈≈≈.>♣♣♣♣♣ ≈≈≈≈≈≈≈
≈≈≈≈≈≈♣ ♣♣.≈≈.≈.♣ ...≈≈≈♣
♣♣♣♣≈....≈≈≈ .≈≈...♣♣
♣♣.≈.?..§≈.≈≈
.♣≈≈≈..♣♣♣♣♣♣..§≈≈.f§≈.≈♣
.♣..≈≈.♣..≈♣≈§.≈≈≈[≈≈≈.♣♣
.♣.....≈§..≈≈.≈.@...?.♣♣
≈..≈≈....≈.≈§......≈.≈♣
≈.≈≈≈.≈§≈♣...♣.≈≈≈≈≈≈.≈♣
≈.....≈≈≈≈.≈..≈≈≈≈≈≈≈...♣
≈..≈≈.≈≈.<.≈...≈.≈≈§≈...♣
≈≈≈.♣..≈§.♣..♣....≈≈≈..♣♣
≈≈≈≈§.≈≈...≈..♣≈..≈≈≈..≈
≈..♣..≈≈(......§≈≈§≈≈≈.♣
..♣♣≈..≈.≈♣≈♣≈.≈≈≈≈


You could see a shambling mangrove.

Vanquished Creatures
  Saint Roka (Orc:2)
  Rupert (D:12)
  2 thorn hunters (Swamp:1)
  An azure jelly (IceCv)
  An orc warlord (Bailey)
  5 quicksilver oozes (IceCv)
  An eleionoma (Swamp:1)
  2 dire elephants (Lair:5)
  A bunyip (Swamp:2)
  Snorg (Orc:2)
  An ettin (D:15)
  3 boulder beetles
  Harold (Orc:1)
  17 hydras
  A ghost crab (Swamp:1)
  4 alligators
  3 centaur warriors
  5 two-headed ogres
  2 death yaks (Lair:5)
  An orc high priest (Orc:2)
  Urug (Lair:6)
  3 tengu warriors
  A sun demon (Lair:6)
  11 skeletal warriors
  A fire crab (Lair:5)
  3 goliath frogs
  A sixfirhy (D:10)
  2 spriggan druids (Swamp:1)
  3 deep trolls (D:15)
  2 death drakes (Swamp:1)
  A necromancer (D:15)
  A swamp dragon (Swamp:2)
  3 bog bodies (Swamp:1)
  A lindwurm (Lair:5)
  A deep elf pyromancer (D:14)
  A wizard (Lair:6)
  8 orc knights
  3 orc sorcerers
  A will-o-the-wisp (Swamp:1)
  9 cyclopes
  2 manticores
  13 elephants
  9 ugly things
  3 ice statues
  A black mamba (Lair:6)
  Joseph (D:7)
  2 orange demons (Lair:6)
  An unseen horror (D:12)
  A gargoyle (D:10)
  15 cane toads
  2 freezing wraiths
  6 rime drakes
  8 komodo dragons
  An entropy weaver simulacrum (IceCv)
  2 tengu conjurers
  4 ice devils
  A hellwing (Lair:6)
  A wolf spider simulacrum (D:15)
  6 meliai (D:14)
  11 trolls
  4 hornets
  2 tyrant leeches (Swamp:1)
  2 red devils (Lair:6)
  4 polar bears
  19 dream sheep (Lair:6)
  6 slime creatures (IceCv)
  12 blink frogs
  2 spriggans (Swamp:1)
  A wraith (D:9)
  3 jumping spiders (Lair:2)
  4 wyverns
  41 yaks
  A culicivora (Lair:2)
  A vampire (D:12)
  A basilisk (Lair:2)
  12 wargs
  18 vampire mosquitoes
  Menkaure (D:4)
  4 swamp worms
  Duvessa (D:6)
  2 demonic crawler simulacra (IceCv)
  8 water moccasins
  4 hell hounds (Lair:6)
  45 orc warriors
  2 sky beasts
  6 swamp drakes
  3 ogres
  9 ice beasts
  6 ugly thing simulacra (IceCv)
  4 black bears
  4 wolves
  16 centaurs
  3 kobold brigands
  3 phantoms
  11 bullfrogs
  2 gnoll sergeants
  2 glowing shapeshifter simulacra (IceCv)
  Dowan (D:6)
  4 scorpions
  A water moccasin skeleton (D:2)
  10 killer bees
  2 electric eels (D:8)
  12 howler monkeys
  11 wights
  4 centaur zombies
  A bullfrog zombie (D:5)
  3 jellies
  A centaur skeleton (D:7)
  Crazy Yiuf (D:7)
  28 orc priests
  5 hounds
  A bullfrog skeleton (D:7)
  2 iguanas
  A hell rat (Lair:5)
  44 orc wizards
  Robin (D:2)
  14 gnolls
  5 adders
  A white imp (Lair:4)
  4 dart slugs
  115 orcs
  19 ball pythons
  10 endoplasms
  6 giant cockroaches
  26 goblins
  19 hobgoblins
  3 quokkas (D:1)
  7 bats
  2 frilled lizards (D:1)
  17 kobolds
  4 rats
855 creatures vanquished.

Vanquished Creatures (collateral kills)
  An orc warrior (Bailey)
  2 orcs (Bailey)
  A hobgoblin (Bailey)
  2 goblins (Bailey)
6 creatures vanquished.

Vanquished Creatures (others)
  A wizard (D:14)
  A bloated husk (Swamp:1)
  A hornet (Swamp:1)
  2 spriggans (Swamp:1)
  2 swamp worms (Swamp:1)
  2 briar patches (Swamp:1)
  13 fungi
  29 plants
51 creatures vanquished.

Grand Total: 912 creatures vanquished

Notes
Turn   | Place    | Note
-------+----------+-------------------------------------------
     0 | D:1      | cbfl8 the Minotaur Berserker began the quest for the Orb.
     0 | D:1      | Reached XP level 1. HP: 19/19 MP: 0/0
   178 | D:1      | Reached XP level 2. HP: 25/27 MP: 1/1
   742 | D:1      | Reached skill level 4 in Axes
   828 | D:1      | Reached ** piety under Trog
   864 | D:1      | Reached skill level 1 in Evocations
  1167 | D:2      | Found a shimmering blue altar of Sif Muna.
  1316 | D:2      | Reached XP level 3. HP: 27/33 MP: 2/2
  1398 | D:2      | Reached XP level 4. HP: 35/41 MP: 3/3
  1761 | D:2      | Noticed Robin
  1774 | D:2      | Killed Robin
  2154 | D:3      | Noticed a scorpion
  2161 | D:3      | Killed a scorpion
  2162 | D:3      | Reached XP level 5. HP: 47/47 MP: 4/4
  2218 | D:3      | Reached skill level 5 in Axes
  2323 | D:3      | Reached *** piety under Trog
  2338 | D:3      | Reached skill level 5 in Fighting
  3025 | D:4      | Noticed Menkaure
  3026 | D:4      | Killed Menkaure
  3027 | D:4      | Reached XP level 6. HP: 56/56 MP: 5/5
  3209 | D:4      | Reached XP level 7. HP: 45/61 MP: 6/6
  3297 | D:4      | Reached skill level 6 in Axes
  3879 | D:5      | Entered Level 5 of the Dungeon
  4049 | D:5      | Found a staircase to the Ecumenical Temple.
  4063 | D:5      | Reached skill level 5 in Armour
  4203 | D:5      | Reached skill level 1 in Stealth
  4289 | D:5      | Reached skill level 7 in Axes
  4289 | D:5      | Reached XP level 8. HP: 47/70 MP: 7/7
  5413 | D:6      | Reached skill level 8 in Axes
  5413 | D:6      | Noticed Duvessa
  5425 | D:6      | Killed Duvessa
  5875 | D:6      | Reached **** piety under Trog
  5888 | D:6      | Noticed Dowan
  5896 | D:6      | Killed Dowan
  6260 | D:7      | Noticed Joseph
  6270 | D:7      | Killed Joseph
  6271 | D:7      | Reached skill level 9 in Axes
  6271 | D:7      | Reached XP level 9. HP: 75/78 MP: 8/8
  6623 | D:7      | Reached skill level 5 in Evocations
  6664 | D:7      | Found a hazy altar of Hepliaklqana.
  6968 | D:7      | Reached skill level 10 in Axes
  7043 | D:7      | Found a runed translucent door.
  7044 | D:7      | Noticed Crazy Yiuf
  7053 | D:7      | Killed Crazy Yiuf
  7122 | D:8      | Noticed a troll
  7143 | D:8      | Killed a troll
  7191 | D:8      | Found a flagged portal.
  7212 | Bailey   | Entered a bailey
  7409 | Bailey   | Noticed an orc knight
  7431 | Bailey   | Killed an orc knight
  7432 | Bailey   | Reached skill level 11 in Axes
  7432 | Bailey   | Reached XP level 10. HP: 88/88 MP: 9/9
  7976 | Bailey   | Noticed an orc knight
  7996 | Bailey   | Killed an orc knight
  7997 | Bailey   | Reached skill level 12 in Axes
  8344 | Bailey   | Noticed an orc warlord
  8370 | Bailey   | Gained mutation: You are weak. (Str -2) [potion of
                  | mutation]
  8370 | Bailey   | Gained mutation: You have a beak for a mouth. [potion of
                  | mutation]
  8376 | Bailey   | Killed an orc warlord
  8766 | D:8      | Acquired 492 gold pieces
  8768 | D:8      | Acquired a manual of Axes
  8943 | D:8      | Found a staircase to the Lair.
  9242 | D:9      | Reached skill level 13 in Axes
 10005 | D:8      | Reached XP level 11. HP: 95/95 MP: 10/10
 10005 | D:8      | Found the +4 skin of Zhor {*Englaciate rC+++ SInv}
 10077 | D:8      | Reached ***** piety under Trog
 10640 | D:10     | Entered Level 10 of the Dungeon
 10651 | D:10     | Reached skill level 10 in Armour
 11053 | D:10     | Noticed a two-headed ogre
 11059 | D:10     | Killed a two-headed ogre
 11203 | D:10     | Reached skill level 14 in Axes
 11360 | D:10     | Found a runed translucent door.
 11360 | D:10     | Noticed a sixfirhy
 11954 | D:10     | Noticed a two-headed ogre
 11961 | D:10     | Killed a two-headed ogre
 12159 | D:10     | Killed a sixfirhy
 12160 | D:10     | Reached skill level 1 in Shields
 12282 | D:11     | Reached skill level 15 in Axes
 12879 | D:12     | Noticed a brown ugly thing
 12884 | D:12     | Killed a brown ugly thing
 13083 | D:12     | Reached skill level 16 in Axes
 13122 | D:12     | Noticed a boulder beetle
 13141 | D:12     | Killed a boulder beetle
 13312 | D:12     | Found Qoklarr's Antique Weapon Shop.
 13372 | D:12     | Reached skill level 10 in Fighting
 13547 | D:12     | Found a staircase to the Orcish Mines.
 13549 | D:12     | Reached XP level 12. HP: 106/106 MP: 11/11
 13656 | D:12     | Noticed Rupert
 13781 | D:12     | Killed Rupert
 14061 | D:12     | Reached skill level 17 in Axes
 14831 | D:13     | Noticed a tengu warrior
 14834 | D:13     | Noticed a centaur warrior
 14843 | D:13     | Noticed a centaur warrior
 15571 | D:14     | Reached skill level 18 in Axes
 15770 | D:14     | Noticed a two-headed ogre
 15786 | D:14     | Killed a two-headed ogre
 15811 | D:14     | Noticed a two-headed ogre
 15956 | D:14     | Noticed a centaur warrior
 15969 | D:14     | Killed a centaur warrior
 15974 | D:14     | Reached XP level 13. HP: 116/116 MP: 12/12
 16054 | D:14     | Found a transporter.
 16055 | D:14     | Found a transporter.
 16190 | D:14     | Found a transporter.
 16194 | D:14     | Found a transporter.
 16220 | D:14     | Reached skill level 5 in Shields
 16244 | D:14     | Received a gift from Trog
 16784 | D:14     | Found a gate to the Vaults.
 17650 | D:14     | Found a transporter.
 17987 | D:14     | Found a transporter.
 18133 | D:15     | Entered Level 15 of the Dungeon
 18163 | D:15     | Noticed an ettin
 18170 | D:15     | Killed an ettin
 18171 | D:15     | Reached skill level 19 in Axes
 18908 | D:15     | Found a staircase to the Depths.
 19840 | D:15     | Reached skill level 10 in Evocations
 20218 | D:15     | Reached XP level 14. HP: 129/129 MP: 13/13
 20653 | Lair:1   | Entered Level 1 of the Lair of Beasts
 22544 | Lair:2   | Found a hole to the Spider Nest.
 22715 | Lair:3   | Found a frozen archway.
 23019 | IceCv    | Entered an ice cave
 23059 | IceCv    | Noticed a quicksilver ooze
 23066 | IceCv    | Killed a quicksilver ooze
 23910 | IceCv    | Noticed a quicksilver ooze
 23916 | IceCv    | Noticed a quicksilver ooze
 23919 | IceCv    | Killed a quicksilver ooze
 23925 | IceCv    | Killed a quicksilver ooze
 24214 | IceCv    | Noticed a quicksilver ooze
 24224 | IceCv    | Killed a quicksilver ooze
 24456 | IceCv    | Noticed a quicksilver ooze
 24470 | IceCv    | Killed a quicksilver ooze
 24646 | IceCv    | Found a viscous altar of Jiyva.
 24646 | IceCv    | Noticed an azure jelly
 24659 | IceCv    | Killed an azure jelly
 24736 | IceCv    | Identified the ring "Burev" {rF- rCorr Int+4 Dex+3}
 25178 | Lair:3   | Found a snail-covered altar of Cheibriados.
 25187 | Lair:3   | Reached skill level 5 in Dodging
 25536 | Lair:3   | Found a staircase to the Swamp.
 25956 | Lair:3   | Identified the +0 chain mail of Untold Secrets {rPois rC-
                  | rN+++ Int-3}
 28132 | Lair:5   | Received a gift from Trog
 28133 | Lair:5   | Reached XP level 15. HP: 136/139 MP: 14/14
 28136 | Lair:5   | Reached skill level 20 in Axes
 28409 | Lair:5   | Reached skill level 15 in Armour
 28987 | Lair:6   | Entered Level 6 of the Lair of Beasts
 29000 | Lair:6   | Noticed Urug
 29019 | Lair:6   | Killed Urug
 30124 | Lair:6   | Reached skill level 15 in Fighting
 30477 | Lair:6   | Received a gift from Trog
 30551 | Lair:6   | Reached skill level 10 in Shields
 30932 | Lair:6   | Found a burning altar of Makhleb.
 31165 | Lair:6   | Found a runed translucent door.
 31216 | Lair:6   | Found a viscous altar of Jiyva.
 31221 | Lair:6   | Found a staircase to the Slime Pits.
 31986 | Lair:6   | Found a gateway to Hell.
 32090 | Lair:6   | Identified the +5 chain mail of Rotation {rElec Str+3}
 32553 | Orc:1    | Entered Level 1 of the Orcish Mines
 32893 | Orc:1    | Noticed Harold
 32897 | Orc:1    | Reached ****** piety under Trog
 32897 | Orc:1    | Received a gift from Trog
 32902 | Orc:1    | Killed Harold
 32965 | Orc:1    | Found Wuymez Meho's Jewellery Shoppe.
 33156 | Orc:1    | Bought an amulet of reflection for 480 gold pieces
 33525 | Orc:2    | Entered Level 2 of the Orcish Mines
 33525 | Orc:2    | Found a staircase to the Elven Halls.
 33829 | Orc:1    | Found Ummi's Mayhem Merchandise.
 34287 | Orc:2    | Found Ijateuv's Distillery.
 34514 | Orc:2    | Identified the +6 war axe of Ragnarok {flame, rN++ Str-2}
                  | (Trog gifted it to you on level 2 of the Orcish Mines)
 34514 | Orc:2    | Received a gift from Trog
 34519 | Orc:2    | Reached XP level 16. HP: 149/149 MP: 15/15
 34733 | Orc:2    | Noticed Snorg
 34747 | Orc:2    | Killed Snorg
 35013 | Orc:2    | Found Siotonex's Armour Boutique.
 35062 | Orc:2    | Noticed Saint Roka
 35068 | Orc:2    | Found Pimasam's Antique Armour Shop.
 35508 | Orc:2    | Killed Saint Roka
 35675 | Orc:2    | Found Gamighas's Antique Weapon Boutique.
 35719 | Orc:2    | Bought a pair of glowing gloves for 277 gold pieces
 36055 | Orc:2    | Bought a potion of heal wounds for 55 gold pieces
 36055 | Orc:2    | Bought a potion of heal wounds for 55 gold pieces
 36055 | Orc:2    | Bought 2 potions of heal wounds for 110 gold pieces
 36285 | Swamp:1  | Entered Level 1 of the Swamp
 36285 | Swamp:1  | You fall into a shaft and drop 1 floor!
 36368 | Swamp:1  | Received a gift from Trog
 36894 | Swamp:1  | Noticed a thorn hunter
 36910 | Swamp:1  | Killed a thorn hunter
 37298 | Swamp:1  | Reached skill level 21 in Axes
 37483 | Swamp:1  | Noticed a thorn hunter
 37500 | Swamp:1  | Killed a thorn hunter
 38506 | Swamp:2  | HP: 6/228 [poisoned by a swamp dragon (poison gas)]
 38507 | Swamp:2  | Succumbed to a swamp dragon's poison gas

Illustrated notes

Levels and vault maps discovered:
D:1:      amcnicky_arrival_abandoned_market, layout_loops_ring
D:2:      layout_rooms, basic_altar, uniq_robin
D:3:      layout_loops_cross, minmay_snake_closets
D:4:      layout_cave_pools, minivault_27, uniq_menkaure
D:5:      layout_cave_pools, minmay_temple_entry_waves
D:6:      layout_basic, uniq_duvessa
D:7:      layout_basic, nicolae_overflow_crystal_walls, uniq_crazy_yiuf_cottage,
          uniq_joseph
D:8:      layout_loops_ring, erik_lair_island, enter_bailey_6,
          hellmonk_guarded_unrand_zhor
D:9:      layout_loops_ring
D:10:     cheibrodos_shockbox, layout_rooms, minmay_orc_keep
D:11:     layout_cave_pools, hangedman_abyss_or_decor_stabs
D:12:     layout_stronghold, david_orc_3, serial_shops,
          nicolae_shop_behind_doors, uniq_rupert
D:13:     layout_cave_pools, minivault_12
D:14:     layout_layer_cave, david_vaults_1, serial_bayou_pond_c,
          serial_nicolae_subway, nicolae_sub_station_stone,
          nicolae_sub_station_metal, nicolae_sub_station_crystal
D:15:     hangedman_depths_entry_civil_slaughter, layout_loops_ring,
          nicolae_cairo_tiling_very_big
Lair:1:   layout_cave_pods
Lair:2:   layout_small_grid, spider_nest_entry_funnel_web, grunt_megastairs_2
Lair:3:   layout_gridlike, minmay_swamp_entry_swarm,
          portal_ice_cave_demonic_guard, lemuel_centaur_altar,
          grunt_megastairs_3
Lair:4:   layout_cave_pods, ice2_lemuel
Lair:5:   layout_gridlike, nicolae_lair_lakeside_cave
Lair:6:   evil_forest, layout_misc_corridors, slime_altar_2, minivault_27,
          uniq_urug
Swamp:1:  layout_basic_swamp, evilmike_swamp_ruin_house_5, swamp_pool1,
          nicolae_swamp_drake_lake, infiniplex_staircase_pool
Swamp:2:  layout_basic_swamp, evilmike_swamp_ruin_wall, swamp_pool1
Orc:1:    layout_caves, serial_shops, nicolae_shop_advertising_works
          [nicolae_subvault_shop_adworks], minmay_shop_mayhem, uniq_harold
Orc:2:    grunt_orc_community_town_hall, layout_caves,
          grunt_orc_community_big_house_2, grunt_orc_community_big_house_1,
          grunt_orc_community_house_3, grunt_orc_community_house_2,
          grunt_orc_community_house_2, grunt_orc_community_house_3, uniq_snorg

Skill      XL: |  1  2  3  4  5  6  7  8  9 10 11 12 13 14 15 16 |
---------------+-------------------------------------------------+-----
Axes           | 4 5 7 9 11 13 16 18 19 20 21 | 21.1
Fighting       | 4 5 6 7 8 10 11 13 14 15 16 | 16.3
Evocations     | 1 2 3 4 5 6 8 9 10 11 12 | 12.5
Dodging        | 3 4 5 6 |  6.4
Armour         | 3 4 5 7 8 9 11 12 14 15 16 | 16.0
Stealth        | 1 2 3 |  3.8
Shields        | 2 4 7 9 10 11 | 11.3

Action                   |  1- 3 |  4- 6 |  7- 9 | 10-12 | 13-15 | 16-18 || total
-------------------------+-------+-------+-------+-------+-------+-------++-------
Melee: Hand axe          |    72 |   118 |    21 |       |       |       ||   211
       Headbutt          |     9 |    20 |    38 |   128 |   222 |    51 ||   468
       War axe           |       |       |   210 |    40 |       |       ||   250
       Punch             |       |       |     2 |     4 |       |       ||     6
       Broad axe         |       |       |       |   477 |   914 |   252 ||  1643
       Peck              |       |       |       |    97 |   236 |    46 ||   379
Invok: Trog's Hand       |     1 |       |     1 |       |       |     1 ||     3
       Berserk           |       |     3 |     6 |    15 |    15 |     7 ||    46
       Brothers in Arms  |       |       |       |     1 |       |       ||     1
Evoke: Wand              |       |       |       |     4 |       |    12 ||    16
  Use: Scroll            |     2 |     3 |     7 |    20 |     6 |     5 ||    43
       Potion            |       |       |       |     8 |     3 |     4 ||    15
 Stab: Sleeping          |     1 |       |       |       |     9 |     3 ||    13
       Distracted        |       |       |       |     1 |       |     1 ||     2
Armor: Animal skin       |    11 |       |       |       |    21 |       ||    32
       Ring mail         |     9 |    30 |       |       |       |       ||    39
       Plate armour      |       |     7 |   136 |   212 |   184 |       ||   539
       Shadow dragon sca |       |       |       |       |   271 |    72 ||   343
Dodge: Dodged            |    64 |    97 |   133 |   310 |   399 |    63 ||  1066
Block: Buckler           |       |       |       |   113 |   419 |   133 ||   665
       Reflection        |       |       |       |       |     2 |     4 ||     6
